 Dungeon Crawl Stone Soup version 0.13-a0-2318-gf5ad1f9 (webtiles) character file.

318 Bruce the Cutter (level 6, -2/36 HPs)
             Began as a Halfling Chaos Knight on July 10, 2013.
             Was a Plaything of Xom.
             Killed from afar by Sigmund (7 damage)
             ... with a magic dart
             ... on Level 4 of the Dungeon.
             The game lasted 00:07:15 (1998 turns).

Bruce the Cutter (Halfling Chaos Knight)            Turns: 1998, Time: 00:07:15

HP  -2/36        AC  2     Str 14      XL: 6   Next:  5%
MP   6/6         EV 24     Int 12      God: Xom
Gold 120         SH  0     Dex 23      Spells:  0 memorised,  5 levels left

Res.Fire  : . . .   See Invis. : .   o - melded +0 sling
Res.Cold  : . . .   Warding    : .   b - melded +2 leather armour
Life Prot.: . . .   Conserve   : .   e - melded +1 shield {rPois}
Res.Poison: x       Res.Corr.  : .   (helmet currently unavailable)
Res.Elec. : .       Clarity    : .   (cloak currently unavailable)
Sust.Abil.: . .     Spirit.Shd : .   (gloves currently unavailable)
Res.Mut.  : .       Stasis     : .   F - melded +0 pair of boots
Res.Rott. : .       Flight     : .   (no amulet)
Saprovore : . . .                    (no ring)
                                     (no ring)

@: spider-form, mighty, slowed, slow, slightly resistant to hostile
enchantments, fairly stealthy
A: -10% hp, mutation resistance 1, slow metabolism 1
a: Renounce Religion


You were on level 4 of the Dungeon.
You worshipped Xom.
You were a special plaything of Xom.
You were not hungry.
You were in spider-form.
You visited 1 branch of the dungeon, and saw 4 of its levels.

You collected 100 gold pieces.

Inventory:

Hand weapons
 a - a +0,+0 short sword of chaos
 o - a +0,+0 sling (melded)
 G - a +1,+0 spear
Missiles
 g - 9 stones (quivered)
 n - 43 sling bullets
 p - 14 sling bullets of flame
 y - 18 poisoned needles
Armour
 b - a +2 leather armour (melded)
 e - a +1 shield of poison resistance (melded)
 F - a +0 pair of boots (melded)
Magical devices
 x - a wand of polymorph (13) {unknown}
Comestibles
 c - 3 bread rations
 i - an orange
 j - 3 meat rations
 t - a lychee
 u - a choko
Scrolls
 d - 2 scrolls of teleportation {unknown}
 f - 2 scrolls of identify {unknown}
 k - 2 scrolls of curse jewellery {unknown}
 m - 2 scrolls of enchant weapon I {unknown}
 q - a scroll of fog {unknown}
 r - a scroll of blinking {unknown}
 s - a scroll of amnesia {unknown}
 v - a scroll of curse armour {unknown}
 w - 2 scrolls of remove curse {unknown}
Jewellery
 h - an uncursed amulet of faith {unknown}
 A - an uncursed amulet of guardian spirit {unknown}
Potions
 C - a potion of might


   Skills:
 + Level 3.6 Fighting
 + Level 5.5 Short Blades
 + Level 3.2 Slings
 - Level 0.3 Throwing
 - Level 0.7 Armour
 + Level 4.2 Dodging


You had 5 spell levels left.
You didn't know any spells.

Dungeon Overview and Level Annotations

Branches:
Dungeon (4/27)
 Temple: D:4-7

Altars:
Ashenzari
Makhleb
Okawaru
Trog

Annotations
D:4 Menkaure, Sigmund


Innate Abilities, Weirdness & Mutations

You are small and have problems with some larger weapons.
You are somewhat resistant to further mutation.
You have a slow metabolism.
You are frail (-10% HP).


Message History

Drink which item? (? for menu, Esc to quit)
You feel extremely strange.
You feel frail.
It was a potion of mutation.
You feel less confused. Sigmund casts a spell at you. The magic dart hits you!
* * * LOW HITPOINT WARNING * * *
Read which item? (? for menu, Esc to quit)
Okay, then.
Read which item? (? for menu, Esc to quit)
Okay, then. 2 hobgoblins and Menkaure come into view.
The hobgoblin shouts!
The hobgoblin moves out of view.
Sigmund completely misses you.
The goliath beetle seems less confused.
Sigmund gestures at you while chanting. The magic dart hits you!
You die...
Xom guffaws!

........#.#.#..............
.................).........
........#.#.#..............
########..............B....
##.#.#..............
#...................
##.#.#..............
...................
#.#.#...s.........
..................
#.#.#.............
#......@........
#..............
#..............
.g........... ..M........
.........


You could see a goliath beetle, Sigmund, Menkaure (wandering) and a hobgoblin.

Vanquished Creatures
  A quasit (D:4)
  6 adders
  2 gnolls (D:3)
  A lemure (D:4)
  2 shadow imps (D:4)
  2 giant geckos
  3 orcs (D:3)
  A ball python (D:4)
  2 bats (D:1)
  7 hobgoblins
  4 jackals (D:1)
  14 goblins
  3 kobolds
  5 rats
53 creatures vanquished.

Vanquished Creatures (collateral kills)
  Eustachio (D:4)
  2 white imps (D:4)
  A worm (D:4)
4 creatures vanquished.

Vanquished Creatures (others)
  2 lemures (D:4)
  An ufetubus (D:4)
  A bat (D:4)
4 creatures vanquished.

Grand Total: 61 creatures vanquished

Notes
Turn   | Place    | Note
--------------------------------------------------------------
     0 | D:1      | Bruce, the Halfling Chaos Knight, began the quest for the Orb.
     0 | D:1      | Reached XP level 1. HP: 14/14 MP: 1/1
   121 | D:1      | XOM: harmless Pois miscast
   163 | D:1      | XOM: silly message
   178 | D:1      | Reached XP level 2. HP: 19/19 MP: 2/2
   313 | D:1      | XOM: silly message
   336 | D:1      | XOM: silly message
   564 | D:2      | Reached XP level 3. HP: 25/25 MP: 3/3
   700 | D:2      | Found an iron altar of Okawaru.
   860 | D:2      | Found a bloodstained altar of Trog.
   879 | D:2      | Reached skill level 1 in Slings
   939 | D:2      | Reached XP level 4. HP: 28/30 MP: 4/4
  1179 | D:2      | XOM: divination: detect creatures
  1190 | D:2      | Found a burning altar of Makhleb.
  1356 | D:3      | Found a shattered altar of Ashenzari.
  1394 | D:3      | Reached skill level 5 in Short Blades
  1421 | D:3      | XOM: divination: detect creatures
  1528 | D:3      | XOM: potion effect (agility)
  1543 | D:3      | XOM: enchant monster (bad)
  1598 | D:3      | Reached XP level 5. HP: 13/36 MP: 5/5
  1602 | D:3      | XOM: harmless Chrm miscast
  1897 | D:4      | XOM: confusion
  1907 | D:4      | XOM: blink monster(s)
  1937 | D:4      | Noticed Eustachio
  1939 | D:4      | XOM: summons 5 friendly demons
  1950 | D:4      | XOM: summons 2 friendly demons
  1959 | D:4      | Killed Eustachio
  1959 | D:4      | Reached XP level 6. HP: 30/41 MP: 6/6
  1988 | D:4      | XOM: confusion (+ monsters)
  1991 | D:4      | Noticed Sigmund
  1995 | D:4      | XOM: cast spell 'Spider Form'
  1996 | D:4      | Gained mutation: You are frail (-10% HP). [potion of mutation]
  1997 | D:4      | Noticed Menkaure
  1998 | D:4      | Killed from afar by Sigmund

Action                   |  1- 3 |  4- 6 || total
-------------------------+-------+-------++-------
Melee: Short sword       |    74 |   106 ||   180
 Fire: Sling             |       |     4 ||     4
  Use: Potion            |       |     6 ||     6
 Stab: Paralysed         |     1 |       ||     1
       Confused          |       |     1 ||     1
